Construct Infanterie Kompanie
Selects Mechanized Battlegroup
Construct Panzergrenadier Kompanie
Nebelwerfer 42 Rocket Launcher Team
Pak 40 Anti-tank Gun Team
Panzergrenadier Officer Quarters
Nebelwerfer 42 Rocket Launcher Team
Selects Wespe Self-propelled Artillery
Selects Zeroing Artillery Barrage
Wespe Self-propelled Artillery
Construct Panzer Kompanie
Selects StuG Assault Group
Selects Panther Heavy Tank